 Dungeon Crawl Stone Soup version 0.21.0-24-g2553a3340b (webtiles) character file.

1803 DasRunzen the Skirmisher (level 8, -3/64 HPs)
             Began as a Demonspawn Wanderer on Jan 21, 2018.
             Was a Follower of Okawaru.
             Splashed by an orc's acid (13 damage)
             ... on level 6 of the Dungeon.
             The game lasted 00:20:25 (8008 turns).

DasRunzen the Skirmisher (Demonspawn Wanderer)      Turns: 8008, Time: 00:20:26

Health: -3/64      AC: 10    Str: 15    XL:     8   Next: 83%
Magic:  11/11      EV: 11    Int: 14    God:    Okawaru [*.....]
Gold:   233        SH:  0    Dex: 12    Spells: 7/7 levels left

rFire    + . .     SeeInvis .   c - +0 hand axe
rCold    + . .     Gourm    .   (no shield)
rNeg     . . .     Faith    .   a - +3 scale mail
rPois    .         Spirit   .   (no helmet)
rElec    .         Reflect  .   (no cloak)
rCorr    .         Harm     .   t - +0 pair of gloves
MR       .....                  (no boots)
Stlth    +.........             (no amulet)
HPRegen  0.20/turn              o - ring of protection from fire
MPRegen  0.12/turn              r - ring of protection from cold

@: corroded
A: hooves 1, thin metallic scales 2, nightstalker 1
a: Heroism, Renounce Religion


You were on level 6 of the Dungeon.
You worshipped Okawaru.
Okawaru was aware of your devotion.
You were hungry.

You visited 2 branches of the dungeon, and saw 7 of its levels.

You collected 233 gold pieces.

Inventory:

Hand Weapons
 c - a +0 hand axe (weapon)
Armour
 a - a +3 scale mail (worn)
 p - a +1 leather armour of poison resistance
 t - a +0 pair of gloves (worn)
Magical Staves
 h - an uncursed staff of poison {unknown}
 q - an uncursed staff of power {unknown}
Jewellery
 o - a ring of protection from fire (left hand)
 r - a ring of protection from cold (right hand)
Wands
 i - a wand of disintegration (10)
Scrolls
 b - 5 scrolls of teleportation
 f - 6 scrolls of amnesia
 l - 7 scrolls of remove curse
 n - a scroll of fear {unknown}
Potions
 e - 5 potions of curing
 g - a potion of lignification
 j - a potion of agility
 k - a potion of resistance
 m - a potion of haste
 s - a potion of cancellation {unknown}
Comestibles
 d - 7 rations


   Skills:
 + Level 5.6 Fighting
   Level 1.0 Long Blades
 + Level 4.8 Axes
 + Level 5.1 Armour
 + Level 5.1 Dodging
 - Level 1.0 Stealth
 + Level 5.2 Invocations
 - Level 1.0 Evocations


You had 7 spell levels left.
You didn't know any spells.

Dungeon Overview and Level Annotations

Branches:
Dungeon (6/15)             Temple (1/1) D:4

Altars:
Ashenzari
Cheibriados
Dithmenos
Elyvilon
Fedhas
Gozag
Hepliaklqana
Kikubaaqudgha
Makhleb
Nemelex Xobeh
Okawaru
Qazlal
Ru
Sif Muna
Trog
Uskayaw
Vehumet
Wu Jian
Xom
Yredelemnul
Zin
The Shining One

Annotations:
D:5 Dowan, Duvessa, Prince Ribbit


Innate Abilities, Weirdness & Mutations

You have large cloven feet.
You are mostly covered in thin metallic scales. (AC +3)
You are slightly more attuned to the shadows.


Message History

The orc barely misses you. The orc hits you but does no damage.
You are too injured to fight recklessly!
You closely miss the orc. You hit the orc but do no damage. You hit the orc.
The orc hits you with a club. The orc barely misses you.
The orc hits you but does no damage.
You hit the orc but do no damage. You kick the orc.
The orc is heavily wounded.
You hit the orc. x2; The orc zaps a wand.
The bolt of acid misses you. The orc hits you but does no damage.
The orc barely misses you.
You closely miss the orc.
The orc is severely wounded.
You hit the orc but do no damage. x2; The orc closely misses you.
The orc hits you but does no damage. The orc hits you with a flail.
You closely miss the orc.
The orc is severely wounded.
You barely miss the orc. You hit the orc but do no damage.
The orc zaps a wand.
The bolt of acid hits you!
* * * LOW HITPOINT WARNING * * *
The acid corrodes you!
You are splashed with acid!
The acid burns!
You die...

'...............#.......'
####...#######.###...####
#......# #.## ##.## #
#.##.#.# ##.###.## #
#.#.### ##.#..# #.#...#
##.#.# #.....# ###.#
#.####o..# #.# .)....o@##
#.###### #.####o)#
####.#..... #.....).#
#.(....#### ....##..#
#.##.#.# #.% ...#
#.##.#.# ## ##.##
#.##...# ..# #.####.####
### #.####.....
#........##


You could see 3 orcs.

Vanquished Creatures
  Pikel (D:4)
  Edmund (D:5)
  An ice beast (D:5)
  A phantom (D:5)
  A slave (D:4)
  A sky beast (D:6)
  An ogre (D:6)
  A centaur (D:5)
  Blork the orc (D:5)
  A scorpion (D:5)
  2 howler monkeys
  2 hounds (D:5)
  A jelly (D:4)
  A bullfrog skeleton (D:5)
  An orc priest (D:2)
  An orc wizard (D:3)
  An iguana (D:4)
  5 worker ants
  4 gnolls (D:3)
  14 adders
  A shadow imp (D:6)
  An ooze (D:3)
  3 worms
  2 dart slugs
  3 leopard geckos
  11 orcs
  5 ball pythons
  2 giant cockroaches
  7 goblins
  4 hobgoblins
  4 kobolds
  2 quokkas
  4 bats
  4 frilled lizards
  A leopard gecko zombie (D:5)
  6 rats
102 creatures vanquished.

Notes
Turn   | Place    | Note
-------+----------+-------------------------------------------
     0 | D:1      | DasRunzen the Demonspawn Wanderer began the quest for the Orb.
     0 | D:1      | DasRunzen set off with: a +2 scale mail, a scroll of teleportation, a +0 hand axe, a ration
     0 | D:1      | Reached XP level 1. HP: 16/16 MP: 1/1
   167 | D:1      | Gained mutation: You are partially covered in thin metallic scales. (AC +2) [demonic ancestry]
   167 | D:1      | Reached XP level 2. HP: 22/22 MP: 2/2
   856 | D:2      | Gained mutation: You are mostly covered in thin metallic scales. (AC +3) [demonic ancestry]
   856 | D:2      | Reached XP level 3. HP: 21/28 MP: 3/3
  1285 | D:2      | Found a glowing golden altar of the Shining One.
  1662 | D:2      | Reached XP level 4. HP: 28/34 MP: 4/4
  1778 | D:3      | Found a sparkling altar of Nemelex Xobeh.
  2220 | D:3      | Reached XP level 5. HP: 40/41 MP: 5/5
  4189 | D:4      | Gained mutation: You have large cloven feet. [demonic ancestry]
  4189 | D:4      | Reached XP level 6. HP: 30/47 MP: 6/6
  4938 | D:4      | Found a staircase to the Ecumenical Temple.
  4944 | Temple   | Entered the Ecumenical Temple
  4956 | Temple   | Became a worshipper of Warmaster Okawaru
  5143 | D:4      | Noticed a slave
  5183 | D:4      | Killed a slave
  5286 | D:4      | Noticed Pikel
  5286 | D:4      | Noticed a slave
  5287 | D:4      | Noticed a slave
  5288 | D:4      | Noticed a slave
  5346 | D:4      | Killed Pikel
  5346 | D:4      | Reached XP level 7. HP: 27/55 MP: 6/9
  5751 | D:5      | Entered Level 5 of the Dungeon
  5829 | D:5      | Noticed Edmund
  5879 | D:5      | Gained mutation: You are slightly more attuned to the shadows. [demonic ancestry]
  5879 | D:5      | Reached XP level 8. HP: 46/61 MP: 10/10
  5894 | D:5      | Noticed Blork the orc
  5917 | D:5      | Reached * piety under Okawaru
  5928 | D:5      | Killed Blork the orc
  5928 | D:5      | Reached skill level 5 in Fighting
  5933 | D:5      | Killed Edmund
  6612 | D:5      | Noticed Duvessa
  6613 | D:5      | Noticed Dowan
  7001 | D:5      | Noticed Prince Ribbit
  7644 | D:6      | Reached skill level 5 in Armour
  7644 | D:6      | Reached skill level 5 in Dodging
  7644 | D:6      | Reached skill level 5 in Invocations
  8008 | D:6      | Splashed by an orc's acid

Skill      XL: |  1  2  3  4  5  6  7  8 |
---------------+-------------------------+-----
Armour         | 2 3 4 5 |  5.1
Dodging        | 2 3 4 5 |  5.1
Axes           | 2 3 4 |  4.8
Fighting       | 3 4 5 |  5.6
Invocations    | 2 3 5 |  5.2
Long Blades    | |  1.0
Stealth        | |  1.0
Evocations     | |  1.0

Action                   |  1- 3 |  4- 6 |  7- 9 || total
-------------------------+-------+-------+-------++-------
Melee: Hand axe          |   107 |   383 |   251 ||   741
       Kick              |       |    36 |    63 ||    99
Evoke: Wand              |       |       |     1 ||     1
  Use: Scroll            |    11 |     4 |     1 ||    16
       Potion            |       |     1 |     4 ||     5
  Eat: Chunk             |     2 |    12 |     2 ||    16
       Ration            |       |       |     2 ||     2
Armor: Scale mail        |    51 |   227 |   113 ||   391
Dodge: Dodged            |    50 |   214 |   151 ||   415
